 Dungeon Crawl Stone Soup version 0.30-a0-279-g4b46babb21 (webtiles) character file.

Game seed: 3518247355069141457

18 lunkers the Cudgeller (level 2, -1/25 HPs)
             Began as an Armataur Reaver on Oct 16, 2022.
             Slain by a kobold
             ... wielding a +4 short sword
              (3 damage)
             ... on level 1 of the Dungeon.
             The game lasted 00:00:23 (482 turns).

lunkers the Cudgeller (Armataur Reaver)              Turns: 482, Time: 00:00:23

Health: -1/25      AC:  4    Str: 17    XL:     2   Next: 48%
Magic:  4/4        EV:  9    Int: 13    God:
Gold:   38         SH:  0    Dex:  8    Spells: 3/4 levels left

rFire   . . .      SeeInvis .    a - +0 mace
rCold   . . .      Faith    .    (no shield)
rNeg    . . .      Spirit   .    b - +0 leather armour
rPois   .          Reflect  .    (no helmet)
rElec   .          Harm     .    (no cloak)
rCorr   .          Roll     +    (no gloves)
Will    .....                    (no barding)
Stlth   +.........               (no amulet)
HPRegen 0.24/turn                (no ring)
MPRegen 0.09/turn                (no ring)

@: no status effects
A: large, rugged brown scales 3, deformed body, armoured tail, roll, long
tongue, awkward tongue
a: no special abilities


You were on level 1 of the Dungeon.
You visited 1 branch of the dungeon, and saw 1 of its levels.

You collected 38 gold pieces.

Inventory:

Hand Weapons
 a - a +0 mace (weapon)
Armour
 b - a +0 leather armour (worn)
Scrolls
 c - 2 scrolls of blinking {unknown}
 d - a scroll of identify {unknown}
 f - 2 scrolls of noise {unknown}
Potions
 e - a potion of ambrosia {unknown}


   Skills:
 - Level 1.7 Fighting
 + Level 3.5 Maces & Flails
 - Level 1.3 Dodging
 - Level 1.7 Spellcasting
 - Level 2.6 Conjurations


You had 3 spell levels left.
You knew the following spells:

 Your Spells              Type           Power      Damage    Failure   Level
p - Kiss of Death         Conj/Necr      16%        2d6       19%         1

Your spell library contained the following spells:

 Spells                   Type           Power      Damage    Failure   Level
 Magic Dart               Conj           32%        1d4       11%         1
 Searing Ray              Conj           16%        2d5       16%         2
 Momentum Strike          Conj/Tloc      8%         3d8       28%         2
 Apportation              Tloc           2%         N/A       32%         1
 Necrotise                Necr           4%         1d4       32%         1
 Summon Small Mammal      Summ           4%         N/A       32%         1
 Sublimation of Blood     Necr           1%         N/A       43%         2
 Wereblood                Tmut           1%         N/A       43%         2
 Hailstorm                Conj/Ice       4%         3d4       50%         3
 Fulminant Prism          Conj/Hex       2%         3d6       88%         4
 Summon Hydra             Summ           0%         N/A       100%        7


Dungeon Overview and Level Annotations

Branches:
Dungeon (1/15)

Altars:


Innate Abilities, Weirdness & Mutations

You are completely covered in rugged brown scales. (AC +3, +7% HP)
Armour fits poorly on your strangely shaped body.
You have a long armoured tail.
You roll when moving toward enemies. (Rampage)
Your long tongue fully drains potion bottles. (2x potion effects)
Your tongue gives you trouble enunciating. (1.5x scroll delay)


Message History

A kobold comes into view. It is wielding a +4 short sword.
Found 9 gold pieces.
The kobold shouts!
There are monsters nearby!
You roll towards the frilled lizard!
The frilled lizard bites you.
There are monsters nearby!
You sock the frilled lizard!
You kill the frilled lizard!
A kobold is nearby!
You barely miss the kobold.
The kobold hits you with a +4 short sword!
You hit the kobold but do no damage. The kobold barely misses you.
The kobold closely misses you.
You hit the kobold.
The kobold is severely wounded.
The kobold barely misses you.
You barely miss the kobold.
Your tail-slap misses the kobold.
The kobold is severely wounded.
The kobold hits you with a +4 short sword.
* * * LOW HITPOINT WARNING * * *
You barely miss the kobold.
The kobold is severely wounded.
The kobold hits you with a +4 short sword.
* * * LOW HITPOINT WARNING * * *
You barely miss the kobold.
The kobold is severely wounded.
The kobold hits you but does no damage. The kobold barely misses you.
Unknown command.
You barely miss the kobold.
The kobold is severely wounded.
The kobold hits you with a +4 short sword.
* * * LOW HITPOINT WARNING * * *
You closely miss the kobold.
The kobold is severely wounded.
The kobold hits you with a +4 short sword.
* * * LOW HITPOINT WARNING * * *
You closely miss the kobold.
The kobold is severely wounded.
The kobold hits you with a +4 short sword.
You die...

##..# #.# #.#......#
#..# ##.###.#......#
###..###.†......#..#.#
............###.#..#.#
###.........# #.#..#.#
#####.....###......#
##### ##........#..###
....# ######.#.#..#
♣...♣♣♣ #...@..#
......♣♣ #.#K#..#
.......♣♣ ......#
.♣.♣....♣ ...#.#.##
..⌠.....♣....$....#
.♣.♣....♣.... ....#
.......♣♣... .#####
♣.....♣♣ #.. # ♣♣♣♣♣♣♣


You could see a kobold.

Vanquished Creatures
  A dart slug (D:1)
  A bat (D:1)
  3 giant cockroaches (D:1)
  4 jackals (D:1)
  A frilled lizard (D:1)
  2 goblins (D:1)
  A kobold (D:1)
  A rat (D:1)
14 creatures vanquished.

Notes
Turn   | Place    | Note
-------+----------+-------------------------------------------
     0 | D:1      | lunkers the Armataur Reaver began the quest for the Orb.
     0 | D:1      | Reached XP level 1. HP: 18/18 MP: 3/3
    55 | D:1      | Reached skill level 3 in Maces & Flails
   120 | D:1      | Reached XP level 2. HP: 24/25 MP: 4/4
   328 | D:1      | Found a faded altar of an unknown god.
   482 | D:1      | Slain by a kobold

Illustrated notes

Levels and vault maps discovered:
D:1:      amcnicky_arrival_underground_garden, layout_loops_ring,
          chequers_ecumenical_altar_simple

Skill      XL: |  1 |
---------------+----+-----
Maces & Flails | 3 |  3.5
Fighting       | |  1.7
Dodging        | |  1.3
Spellcasting   | |  1.7
Conjurations   | |  2.6

Action                   || total
-------------------------++-------
Melee: Mace              ||    40
       Tailslap          ||     2
       Punch             ||     1
Armor: Leather armour    ||    15
Dodge: Dodged            ||    20

Table legend: (Time is in decaauts)
 A = Elapsed time spent in this place.
 B = Non-inter-level travel time spent in this place.
 C = Inter-level travel time spent in this place.
 D = Time resting spent in this place.
 E = Time spent auto-exploring this place.
 F = Levels seen in this place.
 G = Mean time per level.
                   A        B        C        D        E       F      G
               +--------+--------+--------+--------+--------+-----+--------+
         Total |    491 |    491 |      0 |      0 |    401 |   1 |  491.0 |
       Dungeon |    491 |    491 |      0 |      0 |    401 |   1 |  491.0 |
               +--------+--------+--------+--------+--------+-----+--------+

Top non-repeatable levels by time:
     D:1: 491 daAuts
